 Dungeon Crawl Stone Soup version 0.30-a0-824-g6c64550be9 (webtiles) character file.

Game seed: 13778680331737283851

0 sircluck the Covert (level 1, -24/23 HPs)
             Began as a Gnoll Delver on Feb 27, 2023.
             Annihilated by an ogre
             ... wielding a +0 giant club
              (28 damage)
             ... on level 4 of the Dungeon.
             The game lasted 00:00:51 (105 turns).

sircluck the Covert (Gnoll Delver)                   Turns: 105, Time: 00:00:51

Health: -24/23     AC:  3    Str: 11    XL:     1   Next: 10%
Magic:  1/1        EV: 13    Int:  9    God:
Gold:   0          SH:  0    Dex: 13    Spells: 0/0 levels left

rFire   . . .      SeeInvis .    a - +0 falchion
rCold   . . .      Faith    .    (no shield)
rNeg    . . .      Spirit   .    b - +0 leather armour
rPois   .          Reflect  .    (no helmet)
rElec   .          Harm     .    (no cloak)
rCorr   .          Rampage  .    (no gloves)
Will    .....                    (no boots)
Stlth   ++++                     (no amulet)
HPRegen 0.23/turn                (no ring)
MPRegen 0.07/turn                (no ring)

@: hasted, very quick
A: fangs 1, strong nose, distributed training
a: no special abilities


You were on level 4 of the Dungeon.
You visited 1 branch of the dungeon, and saw 2 of its levels.

Inventory:

Hand Weapons
 a - a +0 falchion (weapon)
Missiles
 i - 13 stones (quivered)
Armour
 b - a +0 leather armour (worn)
 k - a +2 helmet
Wands
 g - a wand of digging (3)
Scrolls
 c - a scroll of fog
 d - a scroll of magic mapping
 h - 2 scrolls of identify {unknown}
Potions
 j - 2 potions of mutation {unknown}


   Skills:
 + Level 6.4 Fighting
 + Level 0.0 Short Blades
 + Level 4.4 Long Blades
 + Level 0.0 Axes
 + Level 0.0 Maces & Flails
 + Level 0.0 Polearms
 + Level 0.0 Staves
 + Level 0.0 Ranged Weapons
 + Level 0.0 Throwing
 + Level 0.0 Armour
 + Level 4.4 Dodging
 + Level 9.5 Stealth
 + Level 0.0 Shields
 + Level 0.0 Unarmed Combat
 + Level 0.0 Spellcasting
 + Level 0.0 Conjurations
 + Level 0.0 Hexes
 + Level 0.0 Summonings
 + Level 0.0 Necromancy
 + Level 0.0 Translocations
 + Level 0.0 Transmutations
 + Level 0.0 Fire Magic
 + Level 0.0 Ice Magic
 + Level 0.0 Air Magic
 + Level 0.0 Earth Magic
 + Level 0.0 Poison Magic
 + Level 0.0 Invocations
 + Level 0.0 Evocations


You couldn't memorise any spells.
You didn't know any spells.
Your spell library was empty.

Dungeon Overview and Level Annotations

Branches:
Dungeon (5/15)
 Temple: D:4-7

Altars:


Innate Abilities, Weirdness & Mutations

You have very sharp teeth.
Your uncanny sense of smell can sniff out nearby items.
Your experience applies equally to all skills.


Message History

There is a stone staircase leading down here.
The helpless kobold fails to defend itself.
You hit the kobold.
You kill the kobold!
There is a stone staircase leading down here.
h - a scroll labelled RIDIONA ZUSTAF You see here 4 stones.
i - 4 stones
i - 7 stones (gained 3)
You see here a +0 club.
You open the door.
An ogre comes into view. It is wielding a +0 giant club.
You close the door.
You open the door.
Found 6 stones.
There is an open door here.
Found 2 smoky amethyst potions.
i - 13 stones (gained 6)
Found a scroll labelled RIDIONA ZUSTAF.
j - 2 smoky amethyst potions
h - 2 scrolls labelled RIDIONA ZUSTAF (gained 1)
The ogre shouts!
You see here a +2 helmet.
k - a +2 helmet Read: scroll of fear
Press: ? - help, Q - select action, (/) - cycle Dir - look around, f - activate Look: an ogre, wielding a +0 giant club (chance to affect: 97%)
As you read the scroll of fear, it crumbles to dust.
You assume a fearsome visage.
The ogre looks frightened!
The ogre gibbers meaninglessly.
The ogre wails, "Oh dear!
Oh dear!"
The ogre hits you with a +0 giant club!!
Ouch! That really hurt!
* * * LOW HITPOINT WARNING * * *
You closely miss the ogre.
You feel yourself speed up.
The ogre hits you with a +0 giant club!!
Ouch! That really hurt!
You die...

###########
#.........#
#.#######.##### #.#
#.#...## #.# #......#
#.# #......# ###.#
#......## ###..@#
#.#......
#....O#######......##
#.#.#........O#...##
#.#.#.....######.##
#.#....##.# #.#
#.#..#.##.# #.#
#.#..#.##.# ##+##
#......##.# ##).>##
###.......# ##>....##


You could see an ogre.

Vanquished Creatures
  A kobold (D:4)
1 creature vanquished.

Notes
Turn   | Place    | Note
-------+----------+-------------------------------------------
     0 | D:5      | Reached skill level 9 in Stealth
     0 | D:5      | sircluck the Gnoll Delver began the quest for the Orb.
     0 | D:5      | Reached XP level 1. HP: 23/23 MP: 1/1
     6 | D:5      | Noticed a howler monkey
    34 | D:4      | Noticed an ogre
   105 | D:4      | Annihilated by an ogre

Illustrated notes

Levels and vault maps discovered:
D:4:      layout_loops_corners, minmay_hollow_rounded_squares, uniq_sigmund
D:5:      layout_cave_pools

Skill      XL: | |
---------------+-+-----
Stealth        | |  9.5
Fighting       | |  6.4
Long Blades    | |  4.4
Dodging        | |  4.4

Action                     || total
---------------------------++-------
  Melee: Falchion          ||     2
    Use: Scroll            ||     1
         Potion            ||     1
   Stab: Sleeping          ||     1

Table legend: (Time is in decaauts)
 A = Elapsed time spent in this place.
 B = Non-inter-level travel time spent in this place.
 C = Inter-level travel time spent in this place.
 D = Time resting spent in this place.
 E = Time spent auto-exploring this place.
 F = Levels seen in this place.
 G = Mean time per level.
                   A        B        C        D        E       F      G
               +--------+--------+--------+--------+--------+-----+--------+
         Total |    105 |    105 |      0 |      0 |     22 |   2 |   52.5 |
       Dungeon |    105 |    105 |      0 |      0 |     22 |   2 |   52.5 |
               +--------+--------+--------+--------+--------+-----+--------+

Top non-repeatable levels by time:
     D:4: 91 daAuts
     D:5: 14 daAuts
